[Event "Early-Titled-Tuesday-Blitz-July-09-2024"]
[Site "Chess.com"]
[Date "2024.07.09"]
[Round "7"]
[White "NikitaShnadrygin"]
[Black "yesilikeorangejuice"]
[Result "1-0"]
[WhiteElo "2733"]
[BlackElo "2523"]
[TimeControl "180+1"]
[EndTime "9:20:19 PDT"]
[Termination "NikitaShnadrygin won by resignation"]

1. e4 e6 2. d4 d5 3. Nd2 Be7 4. c3 dxe4 5. Nxe4 Nf6 6. Nxf6+ Bxf6 7. Nf3 O-O 8. Bd3 b6 9. Be4 c6 10. O-O Bb7 11. Bf4 Nd7 12. Qc2 g6 13. Rad1 Re8 14. c4 Rc8 15. Rfe1 Bg7 16. b3 Nf6 17. Bd3 Qe7 18.
c5 Nd5 19. Bd6 Qd8 20. a3 Bf8 21. Bxf8 Rxf8 22. b4 Nf4 23. Bf1 Qf6 24. Ne5 Rfd8 25. g3 Nd5 26. Qd2 Ne7 27. Ng4 Qg7 28. Bc4 Nf5 29.
Re4 Rc7 30. Ne5 Bc8 31. Qe2 b5 32. Bb3 Ne7 33. Rf4 Nd5 34. Rf3 h5 35. h4 f6 36.
Nd3 Nc3 37. Qe3 Nxd1 38. Bxd1 Rcd7 39. Rf4 e5 40. Bb3+ Kh8 41. Re4 Rxd4 42. Kg2 Bf5 43.
Rxd4 Rxd4 44. Nf4 Qd7 45. Ne2 Rd3 46. Qh6+ 1-0

[Event "Early-Titled-Tuesday-Blitz-July-09-2024"]
[Site "Chess.com"]
[Date "2024.07.09"]
[Round "7"]
[White "Ordekalog"]
[Black "chess_blitz00"]
[Result "1-0"]
[WhiteElo "2714"]
[BlackElo "2516"]
[TimeControl "180+1"]
[EndTime "9:20:19 PDT"]
[Termination "Ordekalog won by resignation"]

1. e4 d6 2. d3 c5 3. g3 g6 4. Bg2 Bg7 5. f4 Nc6 6. Nf3 Nh6 7. O-O f5 8. Ng5 O-O 9. c3 Nf7 10. Nxf7 Rxf7 11. Nd2 Kh8 12. Nf3 Rf8 13. Ng5 e5 14. Be3 Bd7 15. Qb3 Qe7 16. Rae1 h6 17. Nf3 fxe4 18. Nh4 Be8 19. Bxe4 Rf6 20. fxe5 Nxe5 21. Rxf6 Qxf6 22. Rf1 Qe7 23. Bf4 Bf7 24. Qxb7 Qxb7 25. Bxb7 Rb8 26. Be4 g5 27. Bxe5 Bxe5 28. Nf5 Rxb2 29. Nxh6 Bxa2 30. Rf5 Bxc3 31. Rxg5 Bd2 32. Rh5 Be3+ 33. Kh1 Bxh6 34. Rxh6+ Kg7 35. Rh7+ Kf6 36.
Rxa7 d5 37. Bf3 Ke5 38. h4 Bb1 39. Re7+ Kd4 40. Rd7 Ba2 41. h5 Rf2 42. Be4 Ke3 43. Bxd5 Bxd5+ 44. Rxd5 Kf3 45. Rf5+ Kxg3 46. Rxf2 Kxf2 47.
h6 c4 48. dxc4 1-0

[Event "Early-Titled-Tuesday-Blitz-July-09-2024"]
[Site "Chess.com"]
[Date "2024.07.09"]
[Round "7"]
[White "Sic_Transit_GM"]
[Black "Andrei_Skvortsov"]
[Result "1/2-1/2"]
[WhiteElo "2607"]
[BlackElo "2801"]
[TimeControl "180+1"]
[EndTime "9:20:20 PDT"]
[Termination "Game drawn by repetition"]

1. Nf3 d5 2. e3 g6 3. c4 dxc4 4. Bxc4 Bg7 5. Nc3 Nf6 6. O-O O-O 7. d4 Nbd7 8. e4 Nb6 9. Bb3 Bg4 10. Be3 c6 11. h3 Bxf3 12. Qxf3 Nfd7 13. Rad1 e5 14.
d5 cxd5 15. Nxd5 Nxd5 16. Rxd5 Qe7 17. Rfd1 Rfd8 18. Bg5 Nf6 19. Qd3 Rxd5 20. Bxd5 Qc7 21.
Rc1 Qd7 22. Bxf6 Bxf6 23. Qb3 Rb8 24. g3 Kg7 25. Kg2 h5 26. h4 b6 27. Qc4 Bd8 28. Rc3 b5 29. Qb3 Bb6 30. Rf3 f6 31.
Rd3 Bd4 32. Rd2 Rc8 33. Rc2 Bb6 34. Be6 Qxe6 35. Qxe6 Rxc2 36. Qe7+ Kg8 37. Qxf6 Rxf2+ 38. Qxf2 Bxf2 39. Kxf2 Kf7 40. Kf3 Ke6 41. g4 Kd6 42. b4 Kc6 43. gxh5 gxh5 44. Ke3 a5 45. a3 axb4 46. axb4 Kd6 47. Kd3 Kc6 48. Ke3 Kd6 49.
Kd3 Kc6 50. Ke3 1/2-1/2

[Event "Early-Titled-Tuesday-Blitz-July-09-2024"]
[Site "Chess.com"]
[Date "2024.07.09"]
[Round "7"]
[White "Arteler"]
[Black "ChessSwole"]
[Result "0-1"]
[WhiteElo "2302"]
[BlackElo "2709"]
[TimeControl "180+1"]
[EndTime "9:20:20 PDT"]
[Termination "ChessSwole won by resignation"]

1. e4 e5 2. Nf3 Nc6 3. Bb5 a6 4. Ba4 Nf6 5. d4 exd4 6. O-O b5 7. Bb3 d6 8. Ng5 Ne5 9. f4 Bg4 10. Qxd4 c5 11. Qf2 Nc4 12. Bxc4 bxc4 13. Nc3 h6 14.
e5 hxg5 15. exf6 Qxf6 16. Nd5 Qh6 17. h3 O-O-O 18. fxg5 Qh5 19. Qd2 Be6 20. Nf4 Qxg5 21. Qa5 Qe7 22. Qxa6+ Qb7 23. Qa5 d5 24. Nxe6 fxe6 25.
Bf4 Bd6 26. Bxd6 Rxd6 27. Qxc5+ Rc6 28. Qe3 Rd8 29. b3 d4 30. Qe5 d3 31. cxd3 cxd3 32. Rac1 d2 33. Qxe6+ Kc7 34. Rxc6+ Qxc6 35. Qxc6+ Kxc6 36. Rd1 Kc5 37. Kf2 Kb4 38. a4 Kxb3 39.
a5 Kc2 40. Rxd2+ Kxd2 41. Kf3 Rd4 42. g4 g5 43. h4 gxh4 0-1

[Event "Early-Titled-Tuesday-Blitz-July-09-2024"]
[Site "Chess.com"]
[Date "2024.07.09"]
[Round "7"]
[White "Sam_ChessMood"]
[Black "GHANDEEVAM2003"]
[Result "0-1"]
[WhiteElo "2930"]
[BlackElo "3179"]
[TimeControl "180+1"]
[EndTime "9:20:23 PDT"]
[Termination "GHANDEEVAM2003 won by resignation"]

1. d4 e6 2. c4 c5 3. d5 exd5 4. cxd5 d6 5. Nc3 a6 6. e4 b5 7.
Bd3 g6 8. a4 c4 9. Bb1 b4 10. Nce2 Bg7 11. Nf3 a5 12. h3 Nf6 13.
O-O O-O 14. Ned4 Re8 15. Re1 Ba6 16. Bf4 Qb6 17. Bc2 b3 18. Bb1 Nbd7 19. Nc6 Nc5 20. e5 Nfd7 21. Qd2 dxe5 22. Nfxe5 Nxe5 23. Bxe5 Bxe5 24. Nxe5 Qb4 25. Qc1 Rad8 26. Re3 Qb7 27. Ng4 Qb6 28.
Qc3 Rxe3 29. fxe3 h5 30. Nf6+ Kf8 31. Be4 Nd3 32. Rf1 Qxe3+ 33. Kh2 Qb6 34. Bxg6 Qd6+ 35. Kh1 Qe5 36. Nh7+ Kg7 37. Bxd3 Qxc3 38. bxc3 cxd3 39. Ng5 d2 40. Rd1 b2 41. Nf3 Be2 0-1

[Event "Early-Titled-Tuesday-Blitz-July-09-2024"]
[Site "Chess.com"]
[Date "2024.07.09"]
[Round "7"]
[White "tylityli"]
[Black "Slovineanu"]
[Result "0-1"]
[WhiteElo "2383"]
[BlackElo "2552"]
[TimeControl "180+1"]
[EndTime "9:20:23 PDT"]
[Termination "Slovineanu won on time"]

1. d4 Nf6 2. c4 e6 3. Nc3 d5 4. cxd5 Nxd5 5. e4 Nxc3 6. bxc3 c5 7. Nf3 cxd4 8. cxd4 Bb4+ 9. Bd2 Bxd2+ 10. Qxd2 O-O 11. Bc4 Nd7 12. O-O b6 13. d5 Nc5 14. Qf4 Qf6 15.
Qxf6 gxf6 16. Rfe1 Rd8 17. Rad1 Bb7 18. h3 Rac8 19.
Rd4 a6 20. Red1 b5 21. Bd3 Kf8 22. Bb1 Ke7 23. d6+ Kf8 24. e5 Bxf3 25. gxf3 fxe5 26. Rh4 Rc6 27. Rxh7 Rcxd6 28. Rh8+ Ke7 29. Rxd8 Rxd8 30. Rc1 Na4 31. Kg2 b4 32. h4 a5 33. h5 Nc3 34.
h6 Rh8 35. Rh1 Nxb1 36. Rxb1 Rxh6 37. Rc1 Rh4 38. Rc5 a4 39. Rxe5 Rc4 40. Rb5 a3 41.
Rb6 Kd7 42. Kg3 Kc7 43. Rb5 Kc6 44. Rb8 Kc5 45. f4 Rd4 46. Kg4 Rd2 0-1

[Event "Early-Titled-Tuesday-Blitz-July-09-2024"]
[Site "Chess.com"]
[Date "2024.07.09"]
[Round "7"]
[White "Witik"]
[Black "JosefineHeinemann"]
[Result "0-1"]
[WhiteElo "2664"]
[BlackElo "2530"]
[TimeControl "180+1"]
[EndTime "9:20:24 PDT"]
[Termination "JosefineHeinemann won by resignation"]

1. d4 Nf6 2. Bf4 d5 3. e3 c5 4. c3 Nc6 5. Nd2 cxd4 6. exd4 Bg4 7. Be2 Bxe2 8. Qxe2 e6 9. Ngf3 Bd6 10. Bg3 O-O 11.
O-O Qc7 12. Bxd6 Qxd6 13. Ne5 Nd7 14. f4 f6 15. Nd3 Rfe8 16. Nf3 b5 17. b4 a5 18. a3 axb4 19. axb4 Nb6 20. Rxa8 Rxa8 21. Nc5 Nc4 22. Qxe6+ Qxe6 23. Nxe6 Ra3 24. Rc1 Ra2 25.
Ne1 Ne3 26. Nc7 Na7 27. g3 Kf7 28. Nd3 Rg2+ 29. Kh1 Rd2 30. Ne1 Ra2 31. f5 g6 32. fxg6+ hxg6 33. Nd3 Rd2 34. Nf4 Ng4 35. h3 Nf2+ 36. Kg1 g5 37. Nfxd5 Nxh3+ 38. Kf1 Rh2 39. Ke1 Ng1 40. Ne3 Nf3+ 41. Kf1 Nd2+ 42. Kg1 Nf3+ 43. Kf1 Rh1+ 44. Kf2 Rxc1 45. Kxf3 Rxc3 46.
Ke4 Rxc7 47. g4 Nc6 48. Nd5 Rd7 49. Nb6 Rxd4+ 0-1

[Event "Early-Titled-Tuesday-Blitz-July-09-2024"]
[Site "Chess.com"]
[Date "2024.07.09"]
[Round "7"]
[White "subham777"]
[Black "Massakru"]
[Result "1-0"]
[WhiteElo "2532"]
[BlackElo "2375"]
[TimeControl "180+1"]
[EndTime "9:20:24 PDT"]
[Termination "subham777 won on time"]

1. e4 e5 2. Nf3 Nc6 3. Bc4 Nf6 4. d3 h6 5. c3 d6 6. Nbd2 Be7 7. Nf1 a6 8. Ng3 Na5 9. Bb3 Nxb3 10. axb3 c6 11. O-O O-O 12. Re1 Re8 13. c4 Bf8 14. h3 g6 15. Be3 Bg7 16. b4 d5 17. Qd2 Kh7 18. exd5 cxd5 19. Qc2 e4 20. dxe4 dxe4 21. Rad1 Qe7 22. Bc5 Qc7 23. Nd2 b6 24. Bd4 Bb7 25. Bxf6 Bxf6 26. Ndxe4 Bg7 27. c5 bxc5 28. bxc5 Qc6 29.
Rd6 Qc7 30. Red1 Rad8 31. Rxd8 Rxd8 32. Rxd8 Qxd8 33. Qc4 Bd5 34. Qxa6 Bxb2 35. Qd3 Qa8 36. h4 Be5 37. h5 Kg7 38. hxg6 fxg6 39. Qe3 Qa1+ 40.
Nf1 Bc4 41. Nd2 Bd5 42. Qd3 Bf7 43. c6 h5 44. Qd7 Kf6 45. c7 Qc3 46. c8=Q Qxc8 47.
Qxc8 1-0

[Event "Early-Titled-Tuesday-Blitz-July-09-2024"]
[Site "Chess.com"]
[Date "2024.07.09"]
[Round "7"]
[White "PapaieDudu"]
[Black "Alenzer"]
[Result "1-0"]
[WhiteElo "2400"]
[BlackElo "2168"]
[TimeControl "180+1"]
[EndTime "9:20:24 PDT"]
[Termination "PapaieDudu won by checkmate"]

1. e4 c5 2. Nf3 e6 3. d4 cxd4 4. Nxd4 Nf6 5. Nc3 Nc6 6. Bg5 Bb4 7. Bb5 Qa5 8. Bxc6 Bxc3+ 9. bxc3 Qxc3+ 10. Qd2 Qxd2+ 11.
Kxd2 bxc6 12. f3 c5 13. Nb3 c4 14. Nd4 d5 15. Nb5 Kd7 16. e5 Ne8 17. h4 f6 18. Bf4 Ba6 19. a4 f5 20. Nd4 Nc7 21.
Kc3 h6 22. h5 Rab8 23. Rh3 Rhg8 24. Rg3 Bb7 25. Rg6 Ke7 26. Rh1 Rbf8 27. Rh3 Bc8 28.
Rhg3 Ne8 29. Nc6+ Kf7 30. Bc1 Nc7 31. Ba3 Re8 32. Nxa7 Bd7 33. Bd6 Na6 34. Nb5 Rc8 35. Kd4 Nb8 36. Bc7 Nc6+ 37. Kc5 Ne7 38. Nd6+ Kf8 39.
Nxc8 Nxg6 40. Nb6 Bxa4 41. Rxg6 Bxc2 42. Rxe6 Kf7 43. Kd6 f4 44. Nxd5 Bf5 45. Re7+ Kf8 46. e6 g6 47. Rf7+ Ke8 48. Nf6# 1-0

[Event "Early-Titled-Tuesday-Blitz-July-09-2024"]
[Site "Chess.com"]
[Date "2024.07.09"]
[Round "7"]
[White "mapleaff"]
[Black "ThanhNghia"]
[Result "0-1"]
[WhiteElo "2348"]
[BlackElo "2504"]
[TimeControl "180+1"]
[EndTime "9:20:25 PDT"]
[Termination "ThanhNghia won on time"]

1. d4 d5 2. Bf4 Nf6 3. Nf3 e6 4. e3 Bd6 5. Bg3 O-O 6. Nbd2 b6 7. c3 c5 8. Ne5 Bb7 9. Bd3 Ne4 10. f4 f6 11. Nef3 Nd7 12. O-O Qc7 13. Qc2 f5 14.
Ne5 Bxe5 15. fxe5 a5 16. Nxe4 fxe4 17. Be2 cxd4 18. exd4 Ba6 19. Bg4 Qc6 20. Rxf8+ Rxf8 21. Qd2 g6 22. h4 Rf7 23. h5 Nf8 24. Qg5 Qd7 25.
hxg6 hxg6 26. Re1 Qe7 27. Qxe7 Rxe7 28. Bh4 Rf7 29. Bd8 a4 30. Bd1 a3 31. b4 Rb7 32. Ba4 Bc4 33. Ra1 b5 34. Bb3 Bd3 35.
Bg5 Rc7 36. Rc1 Nd7 37. Kf2 Rc8 38. Ke3 Nb6 39. Kd2 Nc4+ 40. Bxc4 Bxc4 41. Rc2 Rf8 42.
Bf6 Rxf6 43. exf6 Kf7 44. Ke3 Kxf6 45. Rf2+ Kg5 46. g3 Kg4 47. Rf6 Bxa2 48. Rxg6+ Kf5 49. Rg8 Bc4 50. Ra8 a2 51. Ra5 Kg4 52. Kf2 Bb3 0-1

[Event "Early-Titled-Tuesday-Blitz-July-09-2024"]
[Site "Chess.com"]
[Date "2024.07.09"]
[Round "7"]
[White "Mostii"]
[Black "lu1860"]
[Result "1-0"]
[WhiteElo "2502"]
[BlackElo "2055"]
[TimeControl "180+1"]
[EndTime "9:20:26 PDT"]
[Termination "Mostii won on time"]

1. d4 d5 2. Nf3 Nf6 3. g3 c6 4. Bg2 Bf5 5. O-O e6 6. b3 Nbd7 7.
Bb2 Be7 8. Nbd2 h6 9. c4 O-O 10. Ne5 Re8 11. Rc1 a5 12. Nxd7 Qxd7 13.
e3 Bb4 14. Qe2 Qe7 15. Rfd1 Ba3 16. Bxa3 Qxa3 17. Nf3 Ne4 18. Ne5 a4 19. f3 Nf6 20.
e4 Bh7 21. Rc3 axb3 22. Rxb3 Qxa2 23. Qxa2 Rxa2 24. Rxb7 dxe4 25. fxe4 Bxe4 26. Bxe4 Nxe4 27. Nxc6 Rc2 28. c5 Ra8 29. Ra7 Re8 30. Rb1 Nd2 31. Rbb7 Nf3+ 32. Kf1 Rf8 33. h4 Rc4 34. Ke2 Nxd4+ 35.
Kd3 Nxc6 36. Kxc4 Nxa7 37. Rxa7 Rc8 38. Kb5 Kf8 39. c6 Ke8 40. Kb6 e5 41. h5 e4 42. g4 Rd8 43. Ra4 Ke7 44. Rxe4+ Kf6 45. c7 Rg8 46. Rd4 Ke5 47. Rd8 1-0

[Event "Early-Titled-Tuesday-Blitz-July-09-2024"]
[Site "Chess.com"]
[Date "2024.07.09"]
[Round "7"]
[White "tptagain"]
[Black "MetiForce"]
[Result "0-1"]
[WhiteElo "3038"]
[BlackElo "2852"]
[TimeControl "180+1"]
[EndTime "9:20:27 PDT"]
[Termination "MetiForce won by resignation"]

1. d4 Nf6 2. Nf3 e6 3. Bg5 d5 4. Nbd2 c5 5. e3 Nc6 6. c3 h6 7. Bh4 Bd6 8. Bd3 O-O 9. O-O e5 10. dxc5 Bxc5 11. e4 Be7 12. Bg3 Bg4 13. Re1 Kh8 14.
h3 dxe4 15. Nxe4 Bh5 16. Nxf6 Bxf6 17. Be4 Qb6 18. Qb3 Rfe8 19. Nd2 Rad8 20. Nc4 Qc7 21. Ne3 Bg5 22. Nd5 Qc8 23. Ne3 Bxe3 24. Rxe3 f6 25.
Rae1 Re7 26. f4 exf4 27. Bxf4 Rde8 28. Bd5 Rxe3 29. Rxe3 Rxe3 30. Bxe3 a6 31. Qc4 Qe8 32. Qf4 Bf7 33. c4 Bxd5 34. cxd5 Nb4 35. d6 Nd5 36.
Qd4 Nxe3 37. d7 Qd8 38. g4 Nc4 39. Qxc4 Qxd7 40. Qb3 Qc7 41. Kg2 Qc6+ 42. Kh2 Qe4 43. Qf7 Kh7 44. Qc7 Qe2+ 45. Kg3 Qxb2 46. Qd7 Qc3+ 47. Kg2 Qc6+ 0-1

[Event "Early-Titled-Tuesday-Blitz-July-09-2024"]
[Site "Chess.com"]
[Date "2024.07.09"]
[Round "7"]
[White "Prizant_academy"]
[Black "Vaathi_Coming"]
[Result "1-0"]
[WhiteElo "3030"]
[BlackElo "2910"]
[TimeControl "180+1"]
[EndTime "9:20:28 PDT"]
[Termination "Prizant_academy won on time"]

1. d4 Nf6 2. c4 Nc6 3. Nc3 d5 4. Nf3 dxc4 5. d5 Na5 6. Qa4+ c6 7. b4 b5 8. Qxa5 Qxa5 9. bxa5 b4 10. Nb1 cxd5 11.
Nbd2 Bf5 12. Nh4 Bc2 13. Nhf3 e6 14. e4 Nxe4 15. Nd4 Nxd2 16. Bxd2 Ba4 17. Rb1 Rb8 18. Bf4 Rc8 19. Be2 Bc5 20. Be3 e5 21. Nf5 Bc2 22.
Nxg7+ Kf8 23. Rb2 Bg6 24. Bh6 Ke7 25. Bg4 c3 26. Rb3 d4 27. Nf5+ Ke8 28. Nxd4 exd4 29.
Bxc8 Kd8 30. Bg4 Re8+ 31. Kd1 d3 32. Re1 Re4 33. Rxe4 Bxe4 34. Be3 Bd6 35. Bxa7 Bxg2 36. Be3 Bd5 37. a6 Kc7 38. a7 Kb7 39. Kc1 Ka8 40. Bf5 d2+ 41. Kc2 Bf3 42. Rb1 1-0

[Event "Early-Titled-Tuesday-Blitz-July-09-2024"]
[Site "Chess.com"]
[Date "2024.07.09"]
[Round "7"]
[White "RandomNoob04"]
[Black "Nemegejas"]
[Result "0-1"]
[WhiteElo "2772"]
[BlackElo "2949"]
[TimeControl "180+1"]
[EndTime "9:20:28 PDT"]
[Termination "Nemegejas won by resignation"]

1. e4 c5 2. d4 cxd4 3. c3 dxc3 4. Nxc3 Nc6 5. Nf3 e6 6. Bc4 a6 7. O-O Nge7 8. Bg5 Qa5 9. a3 f6 10. b4 Qd8 11. Be3 Ng6 12. Bb3 Be7 13. h4 O-O 14. Nd5 exd5 15. exd5 Kh8 16. d6 b6 17. dxe7 Ncxe7 18. Qd6 Nf5 19. Qxb6 Qxb6 20. Bxb6 Bb7 21. h5 Nf4 22. Rad1 Bxf3 23. gxf3 Nh4 24. Be3 Nxh5 25.
Rxd7 Nxf3+ 26. Kh1 Ne5 27. Rc7 Rfb8 28. Bd5 Rc8 29.
Rfc1 Rxc7 30. Rxc7 Rd8 31. Bb7 g5 32. Bxa6 Rd1+ 33.
Kg2 Nf4+ 34. Bxf4 gxf4 35. Rc2 f3+ 36. Kg3 Rg1+ 37. Kf4 h5 38. b5 Rb1 39. Kg3 Rg1+ 40.
Kf4 Rb1 41. Kf5 h4 42. Rc8+ Kg7 43. Rc7+ Kh6 44. Rc8 Ng6 45. Kxf6 h3 46. Rg8 Rg1 47. Bb7 Rg4 48. b6 h2 49. Bxf3 Rf4+ 50. Ke6 Rxf3 51.
b7 h1=Q 52. b8=Q Qe1+ 53. Kd7 Rd3+ 54. Kc8 Qe6+ 55. Kb7 Rb3+ 56. Ka8 Qa6+ 57. Qa7 Qc6+ 0-1

[Event "Early-Titled-Tuesday-Blitz-July-09-2024"]
[Site "Chess.com"]
[Date "2024.07.09"]
[Round "7"]
[White "mwpchess"]
[Black "shimastream"]
[Result "1/2-1/2"]
[WhiteElo "2761"]
[BlackElo "2902"]
[TimeControl "180+1"]
[EndTime "9:20:28 PDT"]
[Termination "Game drawn by repetition"]

1. Nf3 d5 2. e3 g6 3. d4 Bg7 4.
Be2 Nf6 5. O-O O-O 6. c4 b6 7. Nc3 Bb7 8. b3 Nbd7 9. Bb2 dxc4 10. Bxc4 e6 11. Qe2 a6 12. a4 c5 13. Rfd1 Qc7 14.
d5 exd5 15. Nxd5 Nxd5 16. Bxd5 Bxd5 17. Rxd5 Nf6 18. Rdd1 Rfe8 19. Qc2 Qc6 20. h3 Ne4 21. Bxg7 Kxg7 22. Nd2 Nf6 23. Nf3 Nd5 24. Qb2+ Kg8 25. Rd2 Nf6 26. Rad1 Ne4 27. Rd7 Qe6 28. Qc2 b5 29. Rb7 bxa4 30. bxa4 Rad8 31. Rdb1 Qf5 32. Rf1 g5 33. Ra7 Rd6 34. Rd1 Red8 35. Rxd6 Rxd6 36. Qb2 Rf6 37. Ra8+ Kg7 38. Rxa6 c4 39. Rxf6 Nxf6 40. Nd4 Qd3 41. Nb5 Kg6 42. Qe5 Ne4 43. g4 Qd1+ 44.
Kg2 Qc2 45. Qf5+ Kg7 46. Qe5+ Kg6 47. Qf5+ Kg7 48. Qe5+ Kf8 49. Qb8+ Ke7 50. Qe5+ Kf8 51. Qh8+ Ke7 52. Qe5+ Kf8 1/2-1/2

[Event "Early-Titled-Tuesday-Blitz-July-09-2024"]
[Site "Chess.com"]
[Date "2024.07.09"]
[Round "7"]
[White "NowInChess"]
[Black "pinelone"]
[Result "1-0"]
[WhiteElo "2210"]
[BlackElo "2366"]
[TimeControl "180+1"]
[EndTime "9:20:28 PDT"]
[Termination "NowInChess won by resignation"]

1. e4 c6 2. d4 d5 3. exd5 cxd5 4. c4 Nf6 5. Nc3 Nc6 6. Bf4 Be6 7. c5 Ne4 8. Bd3 Nxd4 9. Nxe4 dxe4 10. Bxe4 Qd7 11.
Ne2 Nc6 12. O-O g6 13. Qc2 Bg7 14. Rfd1 Qc8 15. a3 O-O 16. Rac1 Rd8 17. b4 a6 18. Rxd8+ Qxd8 19. Rd1 Qe8 20. Bd2 Rd8 21. Bc3 Rd7 22.
Bxg7 Kxg7 23. h3 f6 24. Rxd7 Qxd7 25. Kh2 Bf7 26. Bxc6 Qxc6 27. Qd3 e5 28. Nc3 f5 29. Qd6 Qxd6 30. cxd6 Kf6 31. Na4 Ke6 32. Nc5+ Kxd6 33.
Nxb7+ Kc6 34. Nd8+ Kd5 35. Nxf7 e4 36. Kg1 f4 37. Kf1 Kc4 38. Nd6+ Kb3 39. Nxe4 Kxa3 40. Nc5 Kxb4 41. Nxa6+ Kc3 42. Ke2 Kd4 43. Nc7 Ke5 44.
Nb5 Ke4 45. Nc3+ Kf5 46. Kf3 g5 47. Ne2 h5 48. Nd4+ Ke5 49. Ne2 Kf5 50. g4+ fxg3 51.
fxg3 g4+ 52. hxg4+ hxg4+ 53. Ke3 Ke5 54. Nc3 Kf5 55.
Kd4 Kg5 56. Ke5 Kh5 57. Kf5 Kh6 58. Kxg4 1-0

[Event "Early-Titled-Tuesday-Blitz-July-09-2024"]
[Site "Chess.com"]
[Date "2024.07.09"]
[Round "7"]
[White "ManMish2"]
[Black "ThetNaung291"]
[Result "1-0"]
[WhiteElo "2609"]
[BlackElo "2441"]
[TimeControl "180+1"]
[EndTime "9:20:29 PDT"]
[Termination "ManMish2 won by resignation"]

1. d4 Nf6 2. c4 c5 3. d5 e5 4.
Nc3 d6 5. e4 g6 6. Bd3 Bg7 7.
Nge2 Na6 8. O-O O-O 9. h3 Nc7 10. Be3 a6 11. a3 b5 12. b4 cxb4 13. axb4 bxc4 14. Bxc4 Bd7 15. Qd3 Qb8 16. Rfb1 Qb7 17. Nc1 Rfb8 18. Nb3 Nb5 19. Na5 Qc8 20. Nxb5 axb5 21.
Bb3 h5 22. Rc1 Qe8 23. f3 Kh7 24. Qd2 Rc8 25. Rxc8 Rxc8 26. Rc1 h4 27. Bg5 Nh5 28. Rxc8 Qxc8 29. Qc1 Bxh3 30. Qxc8 Bxc8 31. Nc6 Nf4 32.
Bxh4 f6 33. Kf1 Bd7 34. Nb8 Be8 35. Bf2 Nd3 36. Be1 Nxe1 37. Kxe1 Bh6 38. Ke2 Kg7 39.
Bc2 Kf8 40. Bd3 Ke7 41. Nc6+ Bxc6 42. dxc6 Kd8 43. Bxb5 Kc7 44. Ba4 Kb6 45. b5 f5 46.
exf5 gxf5 47. Bc2 f4 48. Kd3 d5 49. Bb3 e4+ 50. fxe4 f3 51. gxf3 dxe4+ 52. Kxe4 Bf8 53. Bc4 Bd6 54. Be2 1-0

[Event "Early-Titled-Tuesday-Blitz-July-09-2024"]
[Site "Chess.com"]
[Date "2024.07.09"]
[Round "7"]
[White "MaxLeto"]
[Black "Matols"]
[Result "0-1"]
[WhiteElo "2488"]
[BlackElo "2370"]
[TimeControl "180+1"]
[EndTime "9:20:30 PDT"]
[Termination "Matols won by checkmate"]

1. g4 d5 2. Bg2 Bxg4 3. c4 e6 4. Qb3 Ne7 5. Qxb7 Nbc6 6. Nc3 Rb8 7. Qa6 Qd7 8. Qa4 Nd4 9. Qxd7+ Kxd7 10. Kd1 dxc4 11.
h3 Bh5 12. b3 cxb3 13. axb3 Rxb3 14. Rxa7 Nef5 15. h4 Bc5 16. Ra4 Rhb8 17. Rh3 Nd6 18. Nf3 Nxf3 19. Bxf3 Bxf3 20. Rxf3 f6 21. h5 R8b4 22.
Rxb4 Rxb4 23. Rg3 Ne8 24. e3 Rh4 25. d4 Bd6 26. Rf3 Rxh5 27. Ne4 Rh1+ 28. Kc2 h5 29. Bd2 h4 30. Nxd6 Nxd6 31. Kd3 h3 32. e4 Ke7 33.
Rg3 g5 34. f4 Nf7 35. fxg5 fxg5 36. Bxg5+ Nxg5 37. Rxg5 h2 38. Rh5 Rd1+ 39. Kc4 h1=Q 40. Rxh1 Rxh1 41. d5 exd5+ 42. Kxd5 Rh5+ 43. e5 Rg5 44.
Kc6 Ke6 45. Kxc7 Rxe5 46. Kc6 Rd5 47. Kc7 Rd6 48. Kb7 Kd7 49. Kb8 Rc6 50. Kb7 Kd6 51. Kb8 Rc7 52. Ka8 Kc6 53. Kb8 Kb6 54. Ka8 Rc8# 0-1

[Event "Early-Titled-Tuesday-Blitz-July-09-2024"]
[Site "Chess.com"]
[Date "2024.07.09"]
[Round "7"]
[White "kuzol"]
[Black "dretch"]
[Result "0-1"]
[WhiteElo "2521"]
[BlackElo "2884"]
[TimeControl "180+1"]
[EndTime "9:20:31 PDT"]
[Termination "dretch won by checkmate"]

1. d4 d5 2. Bf4 c5 3. e3 Nc6 4. c3 Bf5 5. Nd2 e6 6. Ngf3 Nf6 7. Qb3 Qc8 8. Ne5 Be7 9. h3 Nxe5 10. Bxe5 O-O 11.
Be2 c4 12. Qd1 b5 13. O-O Nd7 14. Bg3 Nb6 15. a3 a5 16. f3 Bg5 17. e4 Bxd2 18. Qxd2 dxe4 19. fxe4 Bxe4 20. Rae1 Qc6 21. Bd1 Rad8 22. Rf4 f5 23. Rf2 Nd7 24. Qf4 e5 25. dxe5 Nc5 26. Be2 Ne6 27. Qe3 g5 28. Bf1 Bd3 29.
Qa7 f4 30. Bh2 Ra8 31. Qe7 Bxf1 32. Rexf1 Rad8 33. h4 Rd7 34. Qxf8+ Nxf8 35. hxg5 Ne6 36.
Bxf4 Rf7 37. Bg3 Rxf2 38. Rxf2 Qe4 39. Rf6 Qe3+ 40. Kh2 Qb6 41. g6 hxg6 42. Rxg6+ Kf7 43. Rf6+ Ke8 44. Bh4 Qc6 45. Rh6 Qd5 46. Rh8+ Kd7 47. Rh7+ Kc6 48. Bf6 Qe4 49. Rh6 Qf4+ 50. Kg1 Qxh6 51.
Kf2 Qd2+ 52. Kf3 Qxb2 53. Ke4 Qxc3 54. Kf5 Kd5 55. g4 Qf3+ 56. Kg6 Qxg4+ 57. Kf7 Qh5+ 58. Ke7 Qh7+ 59. Ke8 Qg8+ 60. Ke7 Qf8+ 61. Kd7 Qf7+ 62. Kc8 Qc7# 0-1

[Event "Early-Titled-Tuesday-Blitz-July-09-2024"]
[Site "Chess.com"]
[Date "2024.07.09"]
[Round "7"]
[White "Shield12"]
[Black "Yaacovn"]
[Result "1/2-1/2"]
[WhiteElo "2973"]
[BlackElo "2796"]
[TimeControl "180+1"]
[EndTime "9:20:33 PDT"]
[Termination "Game drawn by repetition"]

1. e4 c6 2. d4 d5 3. e5 Bf5 4.
h4 Qb6 5. c4 dxc4 6. Bxc4 Bxb1 7. Bxf7+ Kxf7 8. Rxb1 e6 9. Nf3 h6 10. O-O Ne7 11. Re1 Nd5 12. Nh2 Bb4 13. Re4 Nd7 14.
Qh5+ g6 15. Qf3+ Kg7 16. Rg4 h5 17. Re4 Raf8 18. Qg3 Rf5 19. Bg5 Rhf8 20. Nf3 a5 21. Rd1 R8f7 22. Bc1 Be7 23. Re2 a4 24. Bg5 Qb5 25.
Red2 Bb4 26. Rc2 a3 27. bxa3 Qa4 28. Rdc1 Bxa3 29. Rc4 Qb5 30. R1c2 Qb1+ 31. Kh2 N7b6 32. Nd2 Qd1 33. Qxa3 Nxc4 34. Rxc4 Rxf2 35. Ne4 Rxg2+ 36. Kxg2 Qe2+ 37. Kg3 Qxc4 38. Bf6+ Kg8 39. Ng5 Rxf6 40. exf6 Qc3+ 41. Qxc3 Nxc3 42. Kf4 Nxa2 43. Ke5 Nb4 44. Kxe6 Nd5 45. f7+ Kg7 46. Nh7 Nc7+ 47. Ke7 Nd5+ 48.
Ke8 Nc7+ 49. Ke7 Nd5+ 50. Ke6 Nc7+ 51. Ke7 1/2-1/2

[Event "Early-Titled-Tuesday-Blitz-July-09-2024"]
[Site "Chess.com"]
[Date "2024.07.09"]
[Round "7"]
[White "Crazy_girl99"]
[Black "maracayo"]
[Result "1-0"]
[WhiteElo "2638"]
[BlackElo "2434"]
[TimeControl "180+1"]
[EndTime "9:20:33 PDT"]
[Termination "Crazy_girl99 won by resignation"]

1. e4 d6 2. d4 Nf6 3. Nc3 c6 4. Nf3 Qa5 5. Bd3 e5 6. O-O Be7 7. h3 O-O 8. dxe5 dxe5 9. Bd2 Qc7 10. Ne2 Nbd7 11. Ng3 Nc5 12. Bc3 Bd6 13. Qe2 b5 14.
Rad1 a6 15. a3 Re8 16. Nh4 Ne6 17. Nh5 Nxh5 18. Qxh5 Nf4 19. Qf3 g6 20. Rfe1 Bb7 21. Bf1 Rad8 22. Bd2 Qe7 23. g3 Ne6 24. c3 c5 25. Bh6 c4 26. Qg4 Qf6 27. Nf3 Bc5 28. Kg2 Kh8 29. h4 Rxd1 30. Rxd1 Rd8 31. Bg5 Nxg5 32.
hxg5 Qe7 33. Rxd8+ Qxd8 34. Nxe5 Qe7 35. Qf4 Kg7 36.
Ng4 Qxe4+ 37. Qxe4 Bxe4+ 38. f3 Bf5 39. Nf6 Be7 40.
Ne8+ Kf8 41. Nc7 Bc8 42. Kf2 Bb7 43. a4 Bc5+ 44. Kg2 Bd6 45. Nxb5 axb5 46. axb5 Ke7 47. Bxc4 Bc5 48. Bd3 Be3 49. b4 Bc1 50. c4 Bd2 51. c5 Bxb4 52. c6 Bc8 53. b6 Kd6 54. b7 Bxb7 55.
cxb7 Kc7 56. Bc4 Bd2 57. f4 Bc1 58. Bxf7 Kxb7 59. Bg8 Kc7 60. Bxh7 Kd6 61. Bxg6 Ke7 62. Kf3 Kf8 63. Kg4 Kg7 64. Be4 Bd2 65. f5 Bc3 66. f6+ Kh8 67. Kf5 Be1 68. g6 Bxg3 69. g7+ Kh7 70. Kg5+ 1-0

[Event "Early-Titled-Tuesday-Blitz-July-09-2024"]
[Site "Chess.com"]
[Date "2024.07.09"]
[Round "7"]
[White "BardArtem"]
[Black "ozates"]
[Result "1-0"]
[WhiteElo "2824"]
[BlackElo "2619"]
[TimeControl "180+1"]
[EndTime "9:20:35 PDT"]
[Termination "BardArtem won by resignation"]

1. e4 c5 2. Nf3 Nc6 3. Nc3 Nf6 4. Bb5 Qc7 5. O-O Nd4 6. Re1 Ng4 7. e5 Nxf3+ 8. Qxf3 Nxe5 9. Qg3 f6 10. Nd5 Qd6 11. Ne3 e6 12. b3 a6 13. Bf1 Nf7 14. Qh4 Qd4 15. Qxd4 cxd4 16. Nc4 b5 17. Nb6 Rb8 18.
Nxc8 Rxc8 19. a4 b4 20. Bxa6 Rxc2 21. Bc4 Ne5 22. Bb5 Bc5 23. a5 Ke7 24. a6 Ra8 25. Rxe5 fxe5 26. Bd3 Rxc1+ 27. Rxc1 Bb6 28. f3 Kd8 29. Kf1 g6 30. Ke2 Rc8 31. Rh1 d5 32. h4 Rc7 33. h5 g5 34. h6 Bc5 35. Rc1 Kc8 36. Rxc5 Rxc5 37. Bxh7 Rc7 38. Bg8 d3+ 39.
Kxd3 Rc1 40. h7 Rh1 41. Bxe6+ Kc7 42. Bh3 e4+ 43. fxe4 g4 44. h8=Q gxh3 45. Qe5+ Kb6 46. Qd6+ Kb5 47. Qxd5+ Kxa6 48. Qc6+ Ka5 49. Qd5+ Kb6 50.
gxh3 Rxh3+ 51. Kc4 Rh6 52. Qb5+ Ka7 53. Qxb4 1-0